 Seeded DCSS version 0.29.1-1-gd02db6906a (webtiles) character file.

Game seed: 6720987179255315397 (custom seed)

25 Iusername the Covered (level 2, -1/27 HPs)
             Began as a Minotaur Fighter on Sept 15, 2022.
             Slain by a black bear (5 damage)
             ... on level 3 of the Dungeon.
             The game lasted 00:01:06 (1333 turns).

Iusername the Covered (Minotaur Fighter)            Turns: 1333, Time: 00:01:07

Health: -1/27      AC:  7    Str: 20    XL:     2   Next: 82%
Magic:  1/1        EV:  9    Int:  5    God:
Gold:   37         SH:  4    Dex:  9    Spells: 1/1 levels left

rFire   . . .      SeeInvis .   a - +0 long sword
rCold   . . .      Faith    .   c - +0 buckler
rNeg    . . .      Spirit   .   b - +0 scale mail
rPois   .          Reflect  .   (helmet restricted)
rElec   .          Harm     .   (no cloak)
rCorr   .          Rampage  .   (no gloves)
Will    .....                   (no boots)
Stlth   ..........              (no amulet)
HPRegen 0.09/turn               (no ring)
MPRegen 0.07/turn               (no ring)

@: no status effects
A: horns 2, retaliatory headbutt
a: no special abilities


You were on level 3 of the Dungeon.
You visited 1 branch of the dungeon, and saw 3 of its levels.

You collected 37 gold pieces.

Inventory:

Hand Weapons
 a - a +0 long sword (weapon)
Armour
 b - a +0 scale mail (worn)
 c - a +0 buckler (worn)
 e - a +0 pair of gloves
Jewellery
 f - a +4 ring of evasion
 i - a +4 ring of protection
 l - a ring of fire
Wands
 k - a wand of flame (24)
Scrolls
 g - 2 scrolls of identify {unknown}
Potions
 d - 3 potions of might
 h - a potion of haste {unknown}
 n - 2 potions of ambrosia {unknown}
 o - a potion of lignification {unknown}
 p - a potion of berserk rage {unknown}
 q - a potion of magic {unknown}


   Skills:
 + Level 3.9 Fighting
 + Level 2.9 Long Blades
 + Level 4.1 Armour
 + Level 4.0 Shields


You had one spell level left.
You didn't know any spells.
Your spell library contained the following spells:

 Spells                   Type           Power      Damage    Failure   Level
 Ozocubu's Armour         Ice            0%         N/A       99%         3
 Ozocubu's Refrigeration  Ice            0%         4d7       100%        7


Dungeon Overview and Level Annotations

Branches:
Dungeon (3/15)

Altars:


Innate Abilities, Weirdness & Mutations

You have a pair of horns on your head.
You reflexively headbutt those who attack you in melee.


Message History

The black bear claws you.
You hit the black bear. You headbutt the black bear.
The black bear is heavily wounded.
The black bear bites you. The black bear claws you.
The black bear claws you but does no damage.
The hobgoblin closely misses you.
Unknown command.
You hit the black bear. You headbutt the black bear.
The black bear is severely wounded.
The black bear closely misses you. You furiously retaliate!
You headbutt the black bear. You block the black bear's attack.
The black bear barely misses you.
The hobgoblin hits you from afar with a +0 spear!
Unknown command.
You are too injured to fight recklessly!
There are monsters nearby!
Unknown command.
You are too injured to fight recklessly!
There are monsters nearby!
You are too injured to fight recklessly!
Unknown command.
You are too injured to fight recklessly!
There are monsters nearby!
The black bear goes berserk!
The hobgoblin hits you with a +0 spear!
* * * LOW HITPOINT WARNING * * *
Things that are here:
a +0 hand axe; an orc corpse You closely miss the black bear.
The black bear is almost dead.
The black bear closely misses you. You furiously retaliate!
You headbutt the black bear.
The black bear claws you but does no damage. x2
The hobgoblin barely misses you. You block the black bear's attack.
The black bear claws you but does no damage.
You block the black bear's attack.
The hobgoblin hits you but does no damage.
You hit the black bear.
The black bear is almost dead.
The black bear bites you.
You die...

#.......<.#
#.......##
##.....##
##.[.##
#######'##
#.......#
#.#####.#
#.#####.###
#.....h@..#
#..##..g..#
#...>.#
.....#.#
.####.#.. #
..#### #.#
#.#


You could see a black bear (berserk) and a hobgoblin.

Vanquished Creatures
  A worm (D:2)
  A dart slug (D:2)
  An orc (D:3)
  A ball python (D:2)
  A giant cockroach (D:1)
  2 goblins (D:2)
  2 hobgoblins (D:2)
  2 quokkas
  2 bats (D:2)
  2 frilled lizards (D:2)
  3 rats
18 creatures vanquished.

Notes
Turn   | Place    | Note
-------+----------+-------------------------------------------
     0 | D:1      | Iusername the Minotaur Fighter began the quest for the Orb.
     0 | D:1      | Reached XP level 1. HP: 19/19 MP: 0/0
   141 | D:1      | You fall into a shaft and drop 1 floor!
   303 | D:2      | Reached XP level 2. HP: 27/27 MP: 1/1
  1321 | D:3      | Noticed a black bear
  1333 | D:3      | Slain by a black bear

Illustrated notes

Levels and vault maps discovered:
D:1:      roderic_octagonal_star, layout_basic,
          shapermc_ecumenical_altar_acropolis
D:2:      layout_basic
D:3:      kennysheep_slugbush, layout_loops_corners,
          gammafunk_temple_overflow_arena

Skill      XL: |  1  2 |
---------------+-------+-----
Armour         | 4 |  4.1
Shields        | 4 |  4.0
Fighting       | |  3.9
Long Blades    | |  2.9

Action                   || total
-------------------------++-------
Melee: Long sword        ||    47
       Headbutt          ||    12
  Use: Scroll            ||     3
Armor: Scale mail        ||    34
Dodge: Dodged            ||    25
Block: Buckler           ||    14
